 Dungeon Crawl Stone Soup version 0.27.1-33-g824d729ab1 (webtiles) character file.

Game seed: 1700608969892771936

98 Violens the Shield-Bearer (level 4, 0/40 HPs)
             Began as a Minotaur Fighter on Dec 1, 2021.
             Slain by a gnoll (3 damage)
             ... on level 3 of the Dungeon.
             The game lasted 00:08:35 (1390 turns).

Violens the Shield-Bearer (Minotaur Fighter)        Turns: 1390, Time: 00:08:36

Health: 0/40       AC:  7    Str: 22    XL:     4   Next: 43%
Magic:  3/3        EV:  7    Int:  5    God:
Gold:   64         SH:  9    Dex:  9    Spells: 3/3 levels left

rFire    . . .     SeeInvis .   a - +0 war axe
rCold    . . .     Faith    .   c - +0 kite shield
rNeg     . . .     Spirit   .   b - +0 scale mail
rPois    .         Reflect  .   (helmet restricted)
rElec    .         Harm     .   (no cloak)
rCorr    .         Rampage  .   (no gloves)
Will     .....                  (no boots)
Stlth    ..........             (no amulet)
HPRegen  0.13/turn              (no ring)
MPRegen  0.08/turn              (no ring)

@: no status effects
A: horns 2, retaliatory headbutt
a: no special abilities


You were on level 3 of the Dungeon.
You visited 1 branch of the dungeon, and saw 3 of its levels.

You collected 64 gold pieces.

Inventory:

Hand Weapons
 a - a +0 war axe (weapon)
Missiles
 e - 28 bolts
Armour
 b - a +0 scale mail (worn)
 c - a +0 kite shield (worn)
Scrolls
 f - a scroll of amnesia {unknown}
 g - a scroll of torment {unknown}
 i - a scroll of noise {unknown}
Potions
 d - a potion of might
 h - 3 potions of degeneration {unknown}
 j - a potion of heal wounds {unknown}


   Skills:
 + Level 4.1 Fighting
 + Level 3.6 Axes
 + Level 4.4 Armour
 + Level 4.7 Shields


You had 3 spell levels left.
You didn't know any spells.
Your spell library was empty.

Dungeon Overview and Level Annotations

Branches:
Dungeon (2/15)

Altars:
Ashenzari


Innate Abilities, Weirdness & Mutations

You have a pair of horns on your head.
You reflexively headbutt those who attack you in melee.


Message History

The gnoll is almost dead.
You block the gnoll's attack. x2; The gnoll hits you with a +0 club.
You hit the gnoll but do no damage.
The gnoll is almost dead.
The gnoll hits you but does no damage. You block the gnoll's attack.
The gnoll hits you from afar with a +0 spear!
* * * LOW HITPOINT WARNING * * *
You hit the gnoll but do no damage. Your headbutt misses the gnoll.
The gnoll is almost dead.
The gnoll hits you with a +0 club.
* * * LOW HITPOINT WARNING * * *
The gnoll barely misses you. You block the gnoll's attack. x2
You hit the gnoll.
You kill the gnoll!
The gnoll throws a throwing net.
You block the throwing net. The gnoll hits you but does no damage.
Items here: ))) [[ ††.
You hit the gnoll. You headbutt the gnoll!
The gnoll is severely wounded.
The gnoll barely misses you. You furiously retaliate!
You headbutt the gnoll. The gnoll closely misses you.
You hit the gnoll but do no damage.
The gnoll is heavily wounded.
You block the gnoll's attack.
You closely miss the gnoll.
The gnoll is heavily wounded.
The gnoll hits you with a +0 spear.
* * * LOW HITPOINT WARNING * * *
You block the gnoll's attack.
You hit the gnoll but do no damage.
The gnoll is heavily wounded.
You block the gnoll's attack.
You hit the gnoll.
You headbutt the gnoll, but do no damage.
The gnoll is severely wounded.
You block the gnoll's attack. x2
You barely miss the gnoll.
The gnoll is severely wounded.
The gnoll hits you with a +0 spear.
You die...

### #.. #.# #.# .# #.# #.#
#.# #.# #.... #.# #.. ....
#(# #.# #..# #@# #.# #..#
#####g####.###..#
#########........gg.....#
#.............####g#g#..##.#
#.#####.####### #.........#
#.# ##.## ###.#†#####
#.####...# #.#.##
#.##.....#### #....##
#.##.#......# ♣♣ #.....##


You could see a gnoll.

Vanquished Creatures
  3 gnolls (D:3)
  2 adders (D:3)
  2 worms (D:3)
  2 dart slugs
  A ball python (D:1)
  An endoplasm (D:1)
  3 giant cockroaches
  6 hobgoblins
  2 jackals (D:1)
  2 kobolds
  3 quokkas
  A bat (D:1)
  3 frilled lizards (D:1)
  5 goblins
  3 rats (D:1)
39 creatures vanquished.

Vanquished Creatures (others)
  6 plants (D:3)
6 creatures vanquished.

Grand Total: 45 creatures vanquished

Notes
Turn   | Place    | Note
-------+----------+-------------------------------------------
     0 | D:1      | Violens the Minotaur Fighter began the quest for the Orb.
     0 | D:1      | Reached XP level 1. HP: 19/19 MP: 0/0
    96 | D:1      | Reached XP level 2. HP: 18/27 MP: 1/1
   186 | D:1      | Found a faded altar of an unknown god.
   749 | D:1      | Reached XP level 3. HP: 29/33 MP: 2/2
   837 | D:2      | You fall into a shaft and drop 1 floor!
  1302 | D:3      | Found a broken altar of Ashenzari.
  1377 | D:3      | Reached XP level 4. HP: 20/40 MP: 3/3
  1390 | D:3      | Slain by a gnoll

Illustrated notes

Levels and vault maps discovered:
D:1:      saegor_arrival_simple_d, layout_loops_cross,
          chequers_ecumenical_altar_island, minmay_ruptured
D:2:      layout_basic, mrwooster_statue_mirror, minmay_tetromino_i4,
          uniq_natasha
D:3:      minmay_chambers_of_twos, layout_loops_ring,
          mainiacjoe_overflow_catwalk, serial_forest,
          infiniplex_forest_straight_4, infiniplex_forest_straight_5,
          infiniplex_forest_end_2, infiniplex_forest_corner_2,
          infiniplex_forest_straight_2, infiniplex_forest_clump_double,
          uniq_terence

Skill      XL: |  1  2 |
---------------+-------+-----
Fighting       | 4 |  4.1
Shields        | 4 |  4.7
Axes           | 3 |  3.6
Armour         | 4 |  4.4

Action                   |  1- 3 |  4- 6 || total
-------------------------+-------+-------++-------
Melee: War axe           |   129 |    13 ||   142
       Headbutt          |    14 |     4 ||    18
Armor: Scale mail        |    39 |     5 ||    44
Dodge: Dodged            |    38 |     4 ||    42
Block: Kite shield       |    75 |    14 ||    89
